 Dungeon Crawl Stone Soup version 0.22-a0-571-g4a923d4 (webtiles) character file.

22362 Hebeh the Cleaver (level 12, -4/110 HPs)
             Began as a Minotaur Fighter on July 1, 2018.
             Was a High Priest of Trog.
             Slain by a lindwurm (10 damage)
             ... summoned by Kirke
             ... on level 14 of the Dungeon.
             The game lasted 01:05:59 (15050 turns).

Hebeh the Cleaver (Minotaur Fighter)               Turns: 15050, Time: 01:06:00

Health: -4/110     AC:  0    Str: 25    XL:     12   Next: 62%
Magic:  16/16      EV: 13    Int:  5    God:    Trog [*****.]
Gold:   386        SH:  4    Dex: 11    Spells: 11/11 levels left

rFire    . . .     SeeInvis .   (weapon currently unavailable)
rCold    . . .     Gourm    .   (shield currently unavailable)
rNeg     . . .     Faith    .   (armour currently unavailable)
rPois    .         Spirit   .   (helmet currently unavailable)
rElec    .         Reflect  +   (cloak currently unavailable)
rCorr    .         Harm     .   (gloves currently unavailable)
MR       .....                  (boots currently unavailable)
Stlth    +.........             l - +4 amulet of reflection
HPRegen  0.28/turn              (ring currently unavailable)
MPRegen  0.15/turn              (ring currently unavailable)

@: pig-form, slowed
A: small, (retaliatory headbutt)
a: Berserk, Trog's Hand, Brothers in Arms, Renounce Religion


You were on level 14 of the Dungeon.
You worshipped Trog.
Trog was extremely pleased with you.
You were not hungry.
You were a filthy swine.
You visited 3 branches of the dungeon, and saw 16 of its levels.
You also visited: Sewer.

You collected 783 gold pieces.
You spent 397 gold pieces at shops.

Inventory:

Hand Weapons
 a - a +5 war axe of freezing (melded)
 b - a +4 spear of freezing
Missiles
 D - 4 javelins
Armour
 e - a +2 pair of gloves (melded)
 m - a +0 hat (melded)
 p - a +0 pair of boots of running (melded)
 q - a +0 plate armour (melded)
 y - a +2 cloak of poison resistance (melded)
 A - the +4 shield "Meh Lehucop" (melded) {rC+ rN+ Int+2}
   (You acquired it on level 13 of the Dungeon)

   It affects your intelligence (+2).
   It protects you from cold.
   It protects you from negative energy.
 J - a +2 scale mail of poison resistance
Jewellery
 l - a +4 amulet of reflection (around neck)
 C - a ring of positive energy (melded)
 E - a ring of see invisible (melded)
Wands
 s - a wand of random effects (32)
 u - a wand of polymorph (33)
 v - a wand of paralysis (11)
 I - a wand of enslavement (16)
 K - a wand of disintegration (4)
 M - a wand of flame (25)
Scrolls
 j - a scroll of fog
 k - a scroll of identify
 n - 3 scrolls of teleportation
 r - 2 scrolls of immolation
 F - 3 scrolls of remove curse
 H - a scroll of magic mapping
Potions
 d - 7 potions of might
 g - 7 potions of heal wounds
 h - 2 potions of berserk rage
 i - 6 potions of curing
 o - 2 potions of agility
 t - 3 potions of cancellation
 w - 3 potions of haste
 x - 7 potions of flight
 z - 3 potions of lignification
Miscellaneous
 N - a box of beasts
Comestibles
 c - 7 chunks of flesh
 f - 25 rations


   Skills:
 + Level 11.0 Fighting
 * Level 13.4(14.1) Axes
 - Level 8.0(11.7) Polearms
 + Level 10.9 Armour
 + Level 11.0 Shields
 + Level 6.7 Evocations


You had 11 spell levels left.
You didn't know any spells.
Your spell library contained the following spells:

 Spells                   Type           Power        Failure   Level  Hunger
 Animate Dead             Necr           N/A          99%         4    #####..
 Pain                     Necr           #...         47%         1    ##.....
 Animate Skeleton         Necr           N/A          47%         1    ##.....
 Vampiric Draining        Necr           #.........   85%         3    ####...
 Regeneration             Chrm/Necr      #.........   85%         3    ####...


Dungeon Overview and Level Annotations

Branches:
Dungeon (14/15)            Temple (1/1) D:6            Lair (1/6) D:9
    Orc (0/2) D:11
 Vaults: D:13-14

Altars:
Ashenzari
Cheibriados
Dithmenos
Elyvilon
Fedhas
Gozag
Hepliaklqana
Kikubaaqudgha
Makhleb
Nemelex Xobeh
Okawaru
Qazlal
Ru
Sif Muna
Trog
Uskayaw
Vehumet
Wu Jian
Xom
Yredelemnul
Zin
The Shining One

Shops:
D:9 *[*=

Annotations:
D:14 Kirke


Innate Abilities, Weirdness & Mutations

((You reflexively headbutt those who attack you in melee.))
((You have a pair of horns on your head.))


Message History

Kirke mumbles some strange words.
Kirke summons a lindwurm!
You hit Kirke.
Kirke is lightly wounded.
Kirke casts a spell at you.
You feel yourself slow down.
You bite Kirke!
Kirke is lightly wounded.
Kirke hits you!! The lindwurm breathes flames at you.
The blast of flame hits you!
* * * LOW HITPOINT WARNING * * *
You are too injured to fight recklessly!
There is a stone staircase leading up here.
Kirke hits you!
* * * LOW HITPOINT WARNING * * *
The lindwurm bites you!
* * * LOW HITPOINT WARNING * * *
The lindwurm barely misses you. The lindwurm claws you!
You die...

..$ #..# #..# #..# #..# ###
#..# ##.. #..# #...
##########.†############...
[.........h@..............(
.........†.k...............
.........................##
#######################...#
#...# #..[# #...# #...#
#...#


You could see Kirke and a lindwurm.

Vanquished Creatures
  Snorg (D:11)
  Harold (D:11)
  A centaur warrior (D:13)
  2 two-headed ogres
  A death yak (D:9)
  Urug (D:11)
  A deep elf mage (D:13)
  2 oklob plants (D:10)
  3 cyclopes
  An elephant (D:9)
  3 centaur zombies
  Maurice (D:11)
  A spiny frog (Lair:1)
  5 trolls
  A hippogriff (D:7)
  A shadow (D:11)
  19 yaks
  2 wraiths
  A basilisk (D:9)
  6 hogs (D:14)
  5 vampire mosquitoes
  A steam dragon (D:11)
  3 hungry ghosts
  A water moccasin (D:11)
  2 orc warriors
  2 black bears
  2 phantoms (D:11)
  5 sky beasts
  An ice beast (D:10)
  5 centaurs (D:13)
  4 ogres
  A crocodile (D:9)
  4 big kobolds
  10 bullfrogs
  A wyvern zombie (D:11)
  A troll zombie (D:11)
  A scorpion (D:7)
  8 killer bees
  13 wights
  2 electric eels (Lair:1)
  3 howler monkeys
  6 crimson imps
  A bullfrog zombie (D:9)
  6 hounds
  6 jellies
  4 centaur skeletons
  4 orc priests
  13 orc wizards
  3 bullfrog skeletons
  An iguana (D:12)
  8 worker ants
  A killer bee zombie (D:6)
  5 ogre zombies (D:11)
  2 hound skeletons
  8 river rats
  15 adders
  4 shadow imps
  3 oozes
  An adder skeleton (D:6)
  5 worms
  3 dart slugs
  5 leopard geckos
  18 orcs
  12 giant cockroaches
  10 hobgoblins
  19 jackals
  34 kobolds
  5 quokkas
  7 ball pythons
  6 bats
  5 frilled lizards
  13 goblins
  A goblin skeleton (D:11)
  A hobgoblin skeleton (D:11)
  2 hobgoblin zombies (D:11)
  2 jackal zombies
  2 leopard gecko skeletons (D:4)
  2 orc skeletons (D:11)
  13 orc zombies (D:11)
  A quokka skeleton (D:9)
  25 rats
  A fungus (D:9)
412 creatures vanquished.

Vanquished Creatures (others)
  An orc (D:12)
1 creature vanquished.

Grand Total: 413 creatures vanquished

Notes
Turn   | Place    | Note
-------+----------+-------------------------------------------
     0 | D:1      | Hebeh the Minotaur Fighter began the quest for the Orb.
     0 | D:1      | Reached XP level 1. HP: 19/19 MP: 0/0
    45 | D:1      | Reached XP level 2. HP: 27/27 MP: 1/1
   107 | D:1      | Reached skill level 3 in Axes
   274 | D:1      | Reached XP level 3. HP: 28/33 MP: 2/2
   568 | D:2      | You fall through a shaft for 2 floors!
   578 | D:4      | Reached XP level 4. HP: 40/40 MP: 3/3
   696 | D:4      | Reached skill level 4 in Axes
   827 | D:4      | Reached XP level 5. HP: 39/47 MP: 4/4
   834 | D:4      | Reached skill level 1 in Evocations
  1016 | D:4      | Found a glowing drain.
  1074 | Sewer    | Entered a sewer
  1513 | Sewer    | Reached skill level 5 in Axes
  1513 | Sewer    | Reached XP level 6. HP: 35/53 MP: 6/6
  2071 | Sewer    | Reached skill level 5 in Fighting
  2071 | Sewer    | Reached skill level 5 in Armour
  2071 | Sewer    | Reached skill level 5 in Shields
  3379 | D:2      | Reached XP level 7. HP: 61/61 MP: 7/7
  3816 | D:2      | Found a glowing silver altar of Zin.
  4122 | D:5      | Entered Level 5 of the Dungeon
  4611 | D:5      | Reached skill level 6 in Axes
  5239 | D:5      | Reached skill level 7 in Axes
  5239 | D:5      | Reached XP level 8. HP: 36/70 MP: 8/8
  5476 | D:6      | Reached skill level 1 in Polearms
  5657 | D:6      | Found a staircase to the Ecumenical Temple.
  5662 | Temple   | Entered the Ecumenical Temple
  5831 | Temple   | Became a worshipper of Trog the Wrathful
  6781 | D:7      | Noticed a hippogriff
  6787 | D:7      | Killed a hippogriff
  7128 | D:7      | Reached skill level 8 in Axes
  7128 | D:7      | Reached XP level 9. HP: 76/79 MP: 9/9
  7243 | D:7      | Reached skill level 5 in Polearms
  7597 | D:7      | Reached * piety under Trog
  8815 | D:9      | Noticed an elephant
  8816 | D:9      | Found a staircase to the Lair.
  8817 | D:9      | Noticed a death yak
  8829 | D:9      | Killed an elephant
  8834 | D:9      | Reached ** piety under Trog
  8837 | D:9      | Killed a death yak
  8837 | D:9      | Reached skill level 9 in Axes
  8837 | D:9      | Reached XP level 10. HP: 49/88 MP: 9/11
  9077 | D:9      | Found Tupsifoji's Armour Boutique.
  9084 | D:9      | Bought a +2 cloak of poison resistance for 277 gold pieces
  9131 | D:9      | Found Itaugo Xag's General Store.
  9145 | D:9      | Found Dalyer's General Store.
  9184 | D:9      | Found Plog's Jewellery Shop.
  9252 | D:9      | Noticed a two-headed ogre
  9258 | D:9      | Killed a two-headed ogre
  9719 | D:9      | Bought a scroll of enchant weapon for 120 gold pieces
  9725 | D:10     | Entered Level 10 of the Dungeon
  9820 | Lair:1   | Entered Level 1 of the Lair of Beasts
  9820 | Lair:1   | Noticed a spiny frog
  9826 | Lair:1   | Killed a spiny frog
 10309 | D:10     | Reached skill level 10 in Axes
 10496 | D:10     | Found a blossoming altar of Fedhas.
 10498 | D:10     | Noticed an oklob plant
 10498 | D:10     | Noticed an oklob plant
 10506 | D:10     | Killed an oklob plant
 10513 | D:10     | HP: 1/91 [acid (10)]
 10516 | D:10     | Killed an oklob plant
 10935 | D:10     | Reached XP level 11. HP: 75/97 MP: 13/13
 11411 | D:11     | Reached *** piety under Trog
 11453 | D:11     | Noticed Maurice
 11457 | D:11     | Paralysed by Maurice for 6 turns
 11468 | D:11     | Killed Maurice
 11655 | D:11     | Found a staircase to the Orcish Mines.
 11720 | D:11     | Reached skill level 11 in Axes
 11946 | D:11     | Reached skill level 5 in Evocations
 11992 | D:11     | Reached **** piety under Trog
 12175 | D:11     | Noticed Snorg
 12176 | D:11     | Noticed Urug
 12181 | D:11     | Killed Snorg
 12193 | D:11     | Noticed Harold
 12194 | D:11     | Killed Urug
 12206 | D:11     | Killed Harold
 12206 | D:11     | Reached skill level 10 in Fighting
 12209 | D:11     | Reached skill level 10 in Shields
 12516 | D:12     | Reached skill level 12 in Axes
 12516 | D:12     | Reached skill level 10 in Armour
 12585 | D:12     | Noticed a two-headed ogre
 12604 | D:12     | Killed a two-headed ogre
 12881 | D:12     | Reached XP level 12. HP: 107/107 MP: 15/15
 13056 | D:12     | Reached ***** piety under Trog
 13412 | D:13     | Noticed a centaur warrior
 13417 | D:13     | Killed a centaur warrior
 13417 | D:13     | Received a gift from Trog
 14041 | D:13     | Reached skill level 13 in Axes
 14628 | D:13     | Identified 2 scrolls of acquirement
 14652 | D:13     | Identified a +0 pair of boots of running (You acquired it on level 13 of the Dungeon)
 14664 | D:13     | Got a twisted shield
 14675 | D:13     | Identified the +4 shield "Meh Lehucop" {rC+ rN+ Int+2} (You acquired it on level 13 of the Dungeon)
 14855 | D:14     | Noticed Kirke
 15050 | D:14     | Slain by a lindwurm

Vault maps used:
D:1:      lemuel_arrival_cross
D:2:      zin_treasury
D:4:      portal_sewer_entry_a
D:5:      first_ration
D:6:      temple_doors_e
D:7:      grunt_potential
D:9:      david_lair_generic, serial_shops, shop_statue, nicolae_shop_crystal,
          nicolae_shop_crystal, shop
D:10:     grunt_ogre_cave, hangedman_tree_tricks, minmay_misc_feat_nine_boxes
D:11:     zombieorc1_lemuel, enter_bailey_3, st_stairs_3, uniq_urug, uniq_snorg,
          uniq_harold, uniq_maurice
D:13:     serial_column_ruins, column_ruins_hut, column_ruins_grid_3,
          column_ruins_grid_4, column_ruins_corridor_dead_end,
          column_ruins_columns_corner, column_ruins_open_medium
D:14:     david_vaults_4, portal_ice_cave_entry_pillars_1, hangedman_decor_push,
          special_room, nicolae_dithmenos_through_a_glass_darkly, uniq_kirke
Temple:   roderic_octagonal_lattice_temple
Lair:1:   lab_entry_generic, lightli_volcano_entry_magma_tube,
          serial_bayou_pond_c, minivault_11, hangedman_lair_unloving_vines,
          serial_bayou_lake_a, serial_bayou_shore_b
Sewer:    sewer_minmay_treatment

Skill      XL: |  1  2  3  4  5  6  7  8  9 10 11 12 |
---------------+-------------------------------------+-----
Axes           | 3 4 5 7 8 9 10 12 13 | 13.4
Fighting       | 4 5 6 7 8 9 10 11 | 11.0
Shields        | 4 5 6 7 9 10 11 | 11.0
Armour         | 4 5 6 7 9 10 | 10.9
Evocations     | 1 2 3 4 5 6 |  6.7
Polearms       | 4 7 8 |  8.0

Action                   |  1- 3 |  4- 6 |  7- 9 | 10-12 || total
-------------------------+-------+-------+-------+-------++-------
Melee: War axe           |    85 |   201 |   158 |   442 ||   886
       Headbutt          |    10 |    17 |    63 |   100 ||   190
       Spear             |       |       |   231 |       ||   231
       Unarmed           |       |       |       |     8 ||     8
Invok: Berserk           |       |       |     1 |     1 ||     2
       Trog's Hand       |       |       |       |     1 ||     1
 Abil: Evoke Berserk Rag |       |     2 |       |       ||     2
  Use: Scroll            |       |     4 |    12 |    17 ||    33
       Potion            |       |       |       |     1 ||     1
  Eat: Chunk             |       |     4 |    11 |    14 ||    29
       Ration            |       |     2 |     2 |     3 ||     7
Armor: Scale mail        |    43 |    88 |       |       ||   131
       Plate armour      |       |    25 |   132 |   151 ||   308
Dodge: Dodged            |    28 |    64 |    34 |    64 ||   190
Block: Shield            |    53 |   124 |   218 |   293 ||   688
       Reflection        |       |       |     2 |    16 ||    18
       Other             |       |       |       |     1 ||     1

Table legend:
 A = Spawn XP
 B = Non-spawn XP
 C = Spawn XP percentage of total XP
 D = Spawn monster count
 E = Non-spawn monster count
 F = Spawn count percentage of total count
 G = Total turns spent on level
                    A         B        C        D         E        F      G
               +---------+---------+-------+---------+---------+-------+---------
         Total |       0 |   31947 |   0.0 |       0 |     412 |   0.0 | 15050
               +---------+---------+-------+---------+---------+-------+---------
           D:1 |       0 |      57 |   0.0 |       0 |      29 |   0.0 |   501
           D:2 |       0 |      69 |   0.0 |       0 |      20 |   0.0 |   774
           D:3 |       0 |      82 |   0.0 |       0 |      27 |   0.0 |   634
           D:4 |       0 |     222 |   0.0 |       0 |      18 |   0.0 |   980
           D:5 |       0 |     694 |   0.0 |       0 |      19 |   0.0 |  1212
           D:6 |       0 |     443 |   0.0 |       0 |       9 |   0.0 |   951
           D:7 |       0 |    1820 |   0.0 |       0 |      42 |   0.0 |  1647
           D:8 |       0 |     417 |   0.0 |       0 |       7 |   0.0 |   466
           D:9 |       0 |    3080 |   0.0 |       0 |      24 |   0.0 |  1368
          D:10 |       0 |    3541 |   0.0 |       0 |      25 |   0.0 |  1214
          D:11 |       0 |    7687 |   0.0 |       0 |      71 |   0.0 |  1097
          D:12 |       0 |    5285 |   0.0 |       0 |      36 |   0.0 |   810
          D:13 |       0 |    5380 |   0.0 |       0 |      24 |   0.0 |  1598
          D:14 |       0 |    2268 |   0.0 |       0 |      10 |   0.0 |   129
        Lair:1 |       0 |     533 |   0.0 |       0 |       3 |   0.0 |    47
         Sewer |       0 |     369 |   0.0 |       0 |      48 |   0.0 |  1352
               +---------+---------+-------+---------+---------+-------+---------
